 Dungeon Crawl Stone Soup version 0.27.1-33-g824d729ab1 (webtiles) character file.

Game seed: 12676053066959891573

12028 vivovinco the Thaumaturge (level 11, -3/74 HPs)
             Began as a Demigod Conjurer on Dec 28, 2021.
             Slain by a wolf spider (4 damage)
             ... on level 2 of the Lair of Beasts.
             The game lasted 01:35:42 (17869 turns).

vivovinco the Thaumaturge (Demigod Conjurer)       Turns: 17869, Time: 01:35:42

Health: -3/74      AC: 13    Str:  8    XL:     11   Next: 31%
Magic:  29/29      EV: 13    Int: 32    God:
Gold:   160        SH:  0    Dex: 12    Spells: 15/29 levels left

rFire    . . .     SeeInvis .   a - +2 dagger (venom)
rCold    + . .     Faith    .   (no shield)
rNeg     . . .     Spirit   .   F - +1 scale mail {rC+}
rPois    +         Reflect  .   h - +1 hat
rElec    .         Harm     .   o - +1 cloak
rCorr    .         Rampage  .   (no gloves)
Will     +....                  l - +0 pair of boots
Stlth    +.........             (no amulet)
HPRegen  0.22/turn              J - +4 ring of evasion
MPRegen  0.21/turn              r - ring "Quavischy" {rPois Stlth+}

@: confused, lethally poisoned (-3 -> -30), very slightly contaminated,
invisible
A: high mp 1, forlorn
a: no special abilities


You were on level 2 of the Lair of Beasts.
You visited 4 branches of the dungeon, and saw 15 of its levels.

You collected 461 gold pieces.
You spent 301 gold pieces at shops.

Inventory:

Hand Weapons
 a - a +2 dagger of venom (weapon)
 b - a +6 spectral quarterstaff
 f - a +2 short sword of freezing
 p - a +2 short sword of draining
 L - a +1 dagger of chaos
Missiles
 d - 356 stones
 g - 12 boomerangs (quivered)
 k - 43 poisoned darts
 u - 103 arrows
 H - 58 bolts
 N - a throwing net
Armour
 e - a +0 ring mail
 h - a +1 hat (worn)
 l - a +0 pair of boots (worn)
 o - a +1 cloak (worn)
 F - a +1 scale mail of cold resistance (worn)
 K - a +0 robe of willpower
Jewellery
 r - the ring "Quavischy" (right hand) {rPois Stlth+}
   (You acquired it on level 5 of the Dungeon)

   [ring of poison resistance]

   rPois:     It protects you from poison.
   Stlth:     It makes you more stealthy.
 G - a ring of ice
 J - a +4 ring of evasion (left hand)
 O - a +4 ring of protection
 P - a ring of ice
Wands
 n - a wand of mindburst (10)
 q - a wand of flame (36)
Scrolls
 m - a scroll of amnesia
 w - a scroll of magic mapping
 y - 2 scrolls of acquirement
 z - a scroll of immolation
 A - 2 scrolls of enchant armour
 C - 2 scrolls of teleportation
Potions
 c - 3 potions of curing
 j - 3 potions of might
 s - a potion of brilliance
 t - a potion of resistance
 v - a potion of mutation
 x - a potion of haste
 B - 5 potions of attraction
 D - a potion of flight {unknown}
 I - 3 potions of heal wounds
Miscellaneous
 E - a phial of floods
 M - a condenser vane


   Skills:
 + Level 2.8 Short Blades
 + Level 0.5 Staves
 + Level 6.0 Armour
 + Level 3.5 Dodging
 + Level 5.4 Stealth
 + Level 9.7 Spellcasting
 + Level 8.7 Conjurations
 + Level 6.5 Translocations


You had 15 spell levels left.
You knew the following spells:

 Your Spells              Type           Power      Damage    Failure   Level
a - Magic Dart            Conj           100%       1d8       1%          1
b - Searing Ray           Conj           100%       3d7       1%          2
c - Apportation           Tloc           100%       N/A       1%          1
d - Iskenderun's Mystic   Conj/Tloc      59%        2d12      11%         4
e - Teleport Other        Tloc           55%        N/A       4%          3
f - Gell's Gravitas       Tloc           27%        N/A       4%          3

Your spell library contained the following spells:

 Spells                   Type           Power      Damage    Failure   Level
 Dazzling Flash           Conj/Hex       86%        N/A       12%         3
 Animate Skeleton         Necr           30%        N/A       24%         1
 Corona                   Hex            16%        N/A       24%         1
 Sting                    Tmut/Pois      60%        1d6       24%         1
 Summon Small Mammal      Summ           60%        N/A       24%         1
 Poisonous Vapours        Pois/Air       30%        N/A       34%         2
 Slow                     Hex            15%        N/A       34%         2
 Fulminant Prism          Conj/Hex       21%        3d13      36%         4
 Confusing Touch          Hex            15%        N/A       56%         3
 Vampiric Draining        Necr           7%         2d7       56%         3
 Olgreb's Toxic Radiance  Pois           15%        N/A       93%         4
 Dispersal                Tloc           27%        N/A       94%         6


Dungeon Overview and Level Annotations

Branches:
Dungeon (10/15)            Temple (1/1) D:5            Lair (3/6) D:9
 Shoals (0/4) Lair:2       Spider (1/4) Lair:2          Orc (0/2) D:9

Shops:
D:7 ?   D:8 !   D:9 *

Annotations:
D:6 2 runed translucent doors, zeram's ghost, novice HOFi
D:9 2 transporters, Icepheonix32's ghost, novice DsTm
Lair:1 exclusion: 2 oklob plants


Innate Abilities, Weirdness & Mutations

Your attributes grow dramatically as you level up.
You have an increased reservoir of magic. (+10% MP)
You shall have no god before yourself.


Message History

You climb upwards.
Welcome back to the Lair of Beasts!
There is a hole to the Spider Nest here.
You're too confused to cast spells.
Drop what? 42/52 slots (_ for help) (? for menu, Esc to quit)
Okay, then.
The tarantella misses you. The tarantella bites you.
* * * LOW HITPOINT WARNING * * *
You are more confused.
The wolf spider closely misses you. The wolf spider barely misses you.
The tarantella bites you.
* * * LOW HITPOINT WARNING * * *
You're too confused to move!
The tarantella bites you but does no damage.
The wolf spider hits you!
* * * LOW HITPOINT WARNING * * *
The wolf spider barely misses you.
The tarantella bites you but does no damage.
The tarantella closely misses you.
You feel much better. The wolf spider hits you!
The wolf spider completely misses you. The tarantella bites you.
You are more confused.
The tarantella bites you but does no damage.
The wolf spider hits you!
The wolf spider bites you but does no damage.
The tarantella barely misses you.
You fade into invisibility!
The tarantella completely misses you.
The wolf spider hits you but does no damage.
The wolf spider bites you.
* * * LOW HITPOINT WARNING * * *
You are lethally poisoned!
The wolf spider poisons you! The tarantella misses you.
The tarantella closely misses you.
You are very lightly contaminated with residual magic.
* * * LOW HITPOINT WARNING * * *
You feel extremely sick. The wolf spider hits you!
* * * LOW HITPOINT WARNING * * *
The wolf spider bites you.
You die...

.#...#..####...........#..##.....
.................................
.......#......#...#....P#......#.
............####.##.#............
............#......##...#..#...#.
..............#.s.#.........?....
#..#...###......>......#.##......
..##....#.#..#.sss#....#.#.#.....
.^..........##.#@#.##............
#...#.##.....#.#.####............
##.##..#..P..##...##.............
.........^.......................
.#......###......................
..............<..................
##.#.###.##..###.##..###.###.....
..##...#####..#..##..###.###.....
.................................


You could see a demonic crawler, a wolf spider and 2 tarantellas.

Vanquished Creatures
  2 two-headed ogres
  Joseph (D:7)
  A black mamba (Lair:2)
  2 cane toads (Lair:2)
  2 komodo dragons
  Psyche (D:8)
  A demonic crawler (Lair:1)
  6 polar bears
  A shadow (D:9)
  A redback (Lair:2)
  A wraith (D:10)
  A tarantella (Spider:1)
  2 wyverns
  7 yaks
  A basilisk (Lair:1)
  5 water moccasins
  6 black bears (Lair:1)
  4 orc warriors
  3 necrophages
  2 ice beasts (D:7)
  3 sky beasts
  An ogre (D:4)
  6 wolves
  A phantom (D:5)
  9 bullfrogs
  6 scorpions
  A water moccasin zombie (D:6)
  5 electric eels
  4 wights (D:8)
  5 howler monkeys
  A bullfrog zombie (D:6)
  2 jellies (D:6)
  A hound (D:4)
  3 orc priests
  Crazy Yiuf (D:7)
  A gnoll shaman (D:7)
  2 bullfrog skeletons
  2 centaur skeletons
  5 iguanas
  3 orc wizards
  A killer bee zombie (D:8)
  Robin (D:2)
  8 gnolls
  2 howler monkey skeletons
  8 adders
  A white imp (D:5)
  An adder skeleton (D:4)
  4 worms
  13 dart slugs
  22 orcs
  2 endoplasms
  7 giant cockroaches
  6 goblins
  7 hobgoblins
  2 jackals (D:5)
  6 quokkas
  4 ball pythons
  4 bats
  2 frilled lizards
  4 kobolds
  6 rats (D:3)
223 creatures vanquished.

Vanquished Creatures (others)
  An orc wizard (D:7)
  16 fungi
  41 plants
58 creatures vanquished.

Grand Total: 281 creatures vanquished

Notes
Turn   | Place    | Note
-------+----------+-------------------------------------------
     0 | D:1      | vivovinco the Demigod Conjurer began the quest for the Orb.
     0 | D:1      | Reached XP level 1. HP: 14/14 MP: 5/5
   925 | D:1      | Reached XP level 2. HP: 20/20 MP: 5/7
   928 | D:1      | Learned a level 2 spell: Searing Ray
  1366 | D:2      | Reached skill level 2 in Spellcasting
  1366 | D:2      | Reached XP level 3. HP: 26/26 MP: 2/8
  2296 | D:2      | Reached XP level 4. HP: 25/33 MP: 6/9
  2520 | D:2      | Noticed Robin
  2570 | D:2      | Killed Robin
  2718 | D:3      | Reached skill level 5 in Conjurations
  3456 | D:3      | Reached XP level 5. HP: 38/38 MP: 3/12
  3700 | D:4      | Reached skill level 3 in Spellcasting
  3866 | D:5      | Entered Level 5 of the Dungeon
  4001 | D:4      | Noticed a sky beast
  4008 | D:4      | Killed a sky beast
  4009 | D:4      | Reached XP level 6. HP: 45/45 MP: 5/14
  4256 | D:4      | You fall into a shaft and drop 1 floor!
  4312 | D:4      | Reached skill level 4 in Spellcasting
  4772 | D:5      | Identified a scroll of acquirement
  4772 | D:5      | Acquired the ring "Quavischy" {rPois Stlth+}
  4792 | D:5      | Found a staircase to the Ecumenical Temple.
  4802 | Temple   | Entered the Ecumenical Temple
  5180 | D:5      | Reached XP level 7. HP: 45/50 MP: 6/16
  5212 | D:5      | Learned a level 1 spell: Apportation
  5961 | D:5      | Reached skill level 5 in Spellcasting
  6219 | D:6      | Reached skill level 1 in Armour
  6374 | D:6      | Reached skill level 1 in Translocations
  6450 | D:6      | Found a runed translucent door.
  6451 | D:6      | Noticed zeram's ghost (novice HOFi)
  6497 | D:6      | Reached XP level 8. HP: 20/57 MP: 4/19
  6795 | D:6      | Found a runed translucent door.
  7207 | D:6      | Learned a level 4 spell: Iskenderun's Mystic Blast
  8080 | D:6      | Reached skill level 1 in Short Blades
  8097 | D:6      | Learned a level 3 spell: Teleport Other
  8191 | D:7      | Noticed Joseph
  8191 | D:7      | Found Sugiruer's Magic Scroll Shoppe.
  9461 | D:7      | Reached skill level 6 in Spellcasting
  9891 | D:7      | Noticed a two-headed ogre
  9953 | D:7      | Bought a scroll of enchant armour for 97 gold pieces
  9953 | D:7      | Bought a scroll of teleportation for 39 gold pieces
  9953 | D:7      | Bought a scroll of identify for 26 gold pieces
  9953 | D:7      | Bought a scroll of enchant armour for 97 gold pieces
 10369 | D:7      | Found a runed translucent door.
 10370 | D:7      | Noticed Crazy Yiuf
 10377 | D:7      | Killed Crazy Yiuf
 10446 | D:7      | Reached XP level 9. HP: 62/62 MP: 16/22
 10776 | D:6      | Killed a two-headed ogre
 10965 | D:8      | Found a sand-covered staircase.
 10976 | D:8      | Reached skill level 7 in Spellcasting
 11128 | D:7      | Killed Joseph
 11982 | D:8      | Noticed Psyche
 11990 | D:8      | Killed Psyche
 12073 | D:8      | Learned a level 3 spell: Gell's Gravitas
 12088 | D:8      | Found Zomib's Distillery.
 12096 | D:8      | Bought a potion of attraction for 42 gold pieces
 12363 | D:9      | Found a staircase to the Lair.
 12369 | D:9      | Found a transporter.
 12511 | D:8      | Reached XP level 10. HP: 69/69 MP: 15/25
 12906 | D:10     | Entered Level 10 of the Dungeon
 12974 | D:9      | Noticed Icepheonix32's ghost (novice DsTm)
 13078 | D:9      | Found a transporter.
 13109 | D:9      | Noticed a two-headed ogre
 13114 | D:9      | Killed a two-headed ogre
 13115 | D:9      | Reached skill level 5 in Stealth
 13115 | D:9      | Reached skill level 8 in Spellcasting
 13439 | D:9      | Found Juisuc's Changing Room.
 13491 | D:9      | Found a staircase to the Orcish Mines.
 13501 | D:9      | Reached skill level 5 in Translocations
 13726 | Lair:1   | Entered Level 1 of the Lair of Beasts
 13987 | Lair:2   | Found a hole to the Spider Nest.
 14051 | Lair:1   | Noticed an oklob plant
 14351 | D:9      | Reached skill level 5 in Armour
 14653 | Lair:1   | Noticed an oklob plant
 15563 | Lair:1   | Reached skill level 9 in Spellcasting
 15712 | Lair:1   | Reached XP level 11. HP: 74/74 MP: 3/28
 17700 | Lair:2   | Found a staircase to the Shoals.
 17819 | Spider:1 | Entered Level 1 of the Spider Nest
 17869 | Lair:2   | HP: 1/74 [wolf spider (11)]
 17869 | Lair:2   | Slain by a wolf spider

Illustrated notes

Levels and vault maps discovered:
D:1:      dpeg_arrival_long_road, layout_basic,
          dreamdust_ecumenical_altar_hidden_monk_grotto, lemuel_old_faithful
D:2:      layout_basic, minmay_tetromino_s2, uniq_robin
D:3:      layout_rooms, lemuel_crystal_altar, serial_aquarium,
          aquarium_bridge_long_joined [aquarium_subvault_wall,
          aquarium_subvault_window, aquarium_subvault_wall,
          aquarium_subvault_window, aquarium_subvault_bridge,
          aquarium_subvault_bridge], aquarium_bridge_straight
          [aquarium_subvault_bridge, aquarium_subvault_window,
          aquarium_subvault_bridge, aquarium_subvault_window],
          aquarium_window_1, aquarium_window_2, aquarium_window_corner,
          aquarium_view_4, aquarium_pool_2
D:4:      layout_gridville
D:5:      layout_cave_pods, temple_statues, kennysheep_donut
D:6:      kennysheep_slugbush, layout_layer_cave, ebering_ghost_sewer_f,
          minmay_misc_feat_tower, st_stairs_13, kennysheep_generic_room_3
D:7:      layout_basic, nicolae_overflow_hidden_temple,
          mainiacjoe_overflow_cross_hatched, nicolae_water_bricks,
          nicolae_stop_n_shop_1, kennysheep_pointless_box, uniq_joseph,
          uniq_crazy_yiuf_cottage
D:8:      layout_loops_ring, lightli_temple_of_fire, serial_shops, shop,
          nicolae_ossuary_entry_monument, uniq_psyche
D:9:      layout_rooms, lair_entry_dummy, david_orc_2,
          gammafunk_ghost_stat_death, nicolae_transmutations_shop
D:10:     layout_basic, led_sif_pool, serial_curves, eino_curves_03,
          eino_curves_04, nrook_mini_vaults, serial_bayou_crossing, uniq_fannar,
          uniq_gastronok
Temple:   minmay_crystal_spiral_temple
Lair:1:   beast_lair_carwin_large_3, layout_regular_city, minivault_27,
          cheibrodos_lair_lostbears, minmay_lair_oklob_chamber, uniq_urug
Lair:2:   layout_long_grid, elwin_shoals_entry_rooms,
          nicolae_spider_entry_non_spiders, grunt_megastairs_2
Lair:3:   layout_regular_city, grunt_forest_large_clearings
Spider:1: layout_spider_delve, spiders_nest_spider_trap

Skill      XL: |  1  2  3  4  5  6  7  8  9 10 11 |
---------------+----------------------------------+-----
Conjurations   | 4 5 6 7 8 |  8.7
Dodging        | 2 3 |  3.5
Spellcasting   | 2 3 4 5 6 7 9 |  9.7
Stealth        | 2 3 4 5 |  5.4
Armour         | 1 3 4 5 6 |  6.0
Translocations | 1 3 4 6 |  6.5
Short Blades   | 1 2 |  2.8
Staves         | |  0.5

Action                   |  1- 3 |  4- 6 |  7- 9 | 10-12 || total
-------------------------+-------+-------+-------+-------++-------
Melee: Dagger            |     6 |       |     4 |    16 ||    26
       Short sword       |     7 |     8 |    61 |       ||    76
       Quarterstaff      |       |       |       |     4 ||     4
Throw: Boomerang         |     2 |       |       |       ||     2
 Cast: Magic Dart        |    35 |    60 |   154 |    45 ||   294
       Searing Ray       |     7 |    20 |    56 |    40 ||   123
       Apportation       |       |       |    18 |     1 ||    19
       Teleport Other    |       |       |     6 |     3 ||     9
       Iskenderun's Myst |       |       |    16 |    45 ||    61
       Gell's Gravitas   |       |       |       |    20 ||    20
  Use: Scroll            |     2 |     6 |     9 |     3 ||    20
       Potion            |       |       |       |     2 ||     2
 Stab: Sleeping          |       |       |     4 |     6 ||    10
Armor: Ring mail         |     8 |    14 |    56 |     3 ||    81
       Robe              |     1 |       |       |       ||     1
       Scale mail        |       |       |       |    72 ||    72
Dodge: Dodged            |    15 |    10 |    71 |    67 ||   163
